 Dungeon Crawl Stone Soup version 0.31-a0-981-geadf994542 (webtiles) character file.

Game seed: 10889684835646978670

30 IdlyInterested the Ducker (level 3, -3/27 HPs)
             Began as a Demonspawn Gladiator on Nov 1, 2023.
             Slain by Sigmund
             ... wielding a +0 scythe of distortion
              (22 damage)
             ... on level 2 of the Dungeon.
             The game lasted 00:03:18 (971 turns).

IdlyInterested the Ducker (Demonspawn Gladiator)     Turns: 971, Time: 00:03:18

Health: -3/27      AC:  9    Str: 16    XL:     3   Next: 5%
Magic:  3/3        EV:  8    Int:  9    God:
Gold:   55         SH:  0    Dex: 14    Spells: 2/2 levels left

rFire   . . .        l - +2 whip (vamp)
rCold   . . .        (no shield)
rNeg    . . .        h - +0 chain mail
rPois   .            b - +0 helmet
rElec   .            (no cloak)
rCorr   .            (no gloves)
SInv    .            (no boots)
Will    .....        (no amulet) Stlth
                     (no ring)
HPRegen 0.24/turn    (no ring)
MPRegen 0.08/turn

%: no passive effects
@: no status effects
A: ignite blood 1
a: no special abilities


You were on level 2 of the Dungeon.
You visited 1 branch of the dungeon, and saw 2 of its levels.

You collected 55 gold pieces.

Inventory:

Hand Weapons
 g - a +0 dagger
 i - a +0 hand axe
 k - a +1 mace of protection
 l - a +2 vampiric whip (weapon)
Missiles
 c - 3 throwing nets (quivered)
 d - a javelin
Armour
 a - a +0 leather armour
 b - a +0 helmet (worn)
 h - a +0 chain mail (worn)
Scrolls
 e - a scroll of teleportation {unknown}
 f - a scroll of poison {unknown}
 j - 2 scrolls of identify {unknown}
Potions
 m - a potion of ambrosia {unknown}
 n - a potion of mutation {unknown}


   Skills:
 + Level 2.1 Fighting
 - Level 2.0 Throwing
 - Level 1.0 Armour
 - Level 3.0 Dodging
 - Level 1.0 Stealth
 - Level 2.6 Unarmed Combat
 - Level 1.0 Evocations


You had 2 spell levels left.
You didn't know any spells.
Your spell library was empty.

Dungeon Overview and Level Annotations

Branches:
Dungeon (2/15)

Altars:

Annotations:
D:2 Sigmund


Innate Abilities, Weirdness & Mutations

Your demonic aura sometimes causes spilled blood to erupt in flames.


Message History

You see here a ball python corpse.
You open the door.
There is an open door here.
As you open the door, it creaks loudly!
There is an open door here.
A frilled lizard comes into view.
The frilled lizard barely misses you.
You miss the frilled lizard.
You punch the frilled lizard, but do no damage.
The frilled lizard closely misses you.
You closely miss the frilled lizard.
The frilled lizard completely misses you.
You hit the frilled lizard.
You kill the frilled lizard!
You see here a frilled lizard corpse.
There is an open door here.
You open the door.
There is an open door here.
There is an open door here.
Done exploring.
Done exploring.
You see here a +0 dagger.
There is a faded altar of an unknown god here.
There is an open door here.
There is an open door here.
There is a stone staircase leading down here.
There is a fountain of clear blue water here.
There is a fountain of clear blue water here.
There is an escape hatch in the floor here.
You slide downwards.
The hatch slams shut behind you.
Sigmund shouts!
Found a flail and a scroll labelled EBBUPPENEISY.
Found a stone staircase leading up.
Found a stone staircase leading down and a stone staircase leading up.
Sigmund casts a spell.
Sigmund flickers and vanishes!
Deactivating autopickup; reactivate with Ctrl-A.
Found 8 gold pieces.
Something hits you! Space warps horribly around you!!
Ouch! That really hurt!
You die...

..###. ..$###
.....##.#..<.
..>...?...## .
<........... ..
#......... ...
#.#.#...#
....##.#..{#.##
.........@....#
..............#
.........).....#
###............#
######....##.#
##....# .#
....... .
.....### .....#


There were no monsters in sight!

Vanquished Creatures
  A dart slug (D:1)
  2 bats (D:1)
  2 endoplasms (D:1)
  A giant cockroach (D:1)
  4 goblins (D:1)
  4 hobgoblins (D:1)
  A kobold (D:1)
  A quokka (D:1)
  5 ball pythons (D:1)
  3 frilled lizards (D:1)
  A rat (D:1)
25 creatures vanquished.

Notes
Turn   | Place    | Note
-------+----------+-------------------------------------------
     0 | D:1      | IdlyInterested the Demonspawn Gladiator began the quest for
                  | the Orb.
     0 | D:1      | Reached XP level 1. HP: 16/16 MP: 1/1
    89 | D:1      | Reached skill level 1 in Armour
   168 | D:1      | Reached skill level 1 in Stealth
   207 | D:1      | Gained mutation: Your demonic aura sometimes causes spilled
                  | blood to erupt in flames. [demonic ancestry]
   207 | D:1      | Reached XP level 2. HP: 22/22 MP: 2/2
   305 | D:1      | Reached skill level 1 in Evocations
   327 | D:1      | Found a faded altar of an unknown god.
   508 | D:1      | Reached skill level 3 in Dodging
   616 | D:1      | Reached XP level 3. HP: 26/27 MP: 3/3
   969 | D:2      | Noticed Sigmund
   971 | D:2      | Slain by Sigmund

Illustrated notes

Levels and vault maps discovered:
D:1:      lemuel_arrival_hallway, layout_loops_cross, basic_ecumenical_altar,
          minmay_misc_feat_doors, kennysheep_pointless_box
D:2:      layout_rooms, serial_bayou, serial_bayou_pond_c, serial_bayou_pond_a,
          serial_bayou_pond_d, serial_bayou_shore_a, serial_bayou_pond_d,
          serial_bayou_pond_b, uniq_sigmund, uniq_robin

Skill      XL: |  1  2 |
---------------+-------+-----
Armour         | 1 |  1.0
Stealth        | 1 |  1.0
Evocations     | 1 |  1.0
Throwing       | 2 |  2.0
Dodging        | 3 |  3.0
Fighting       | |  2.1
Unarmed Combat | |  2.6

Action                     || total
---------------------------++-------
  Melee: Unarmed           ||    84
         Punch             ||     2
         Whip              ||    22
 Armour: Leather armour    ||    10
         Chain mail        ||    63
  Dodge: Dodged            ||    48

Table legend: (Time is in decaauts)
 A = Elapsed time spent in this place.
 B = Non-inter-level travel time spent in this place.
 C = Inter-level travel time spent in this place.
 D = Time resting spent in this place.
 E = Time spent auto-exploring this place.
 F = Levels seen in this place.
 G = Mean time per level.
                   A        B        C        D        E       F      G
               +--------+--------+--------+--------+--------+-----+--------+
         Total |    968 |    856 |    112 |     97 |    519 |   2 |  484.0 |
       Dungeon |    968 |    856 |    112 |     97 |    519 |   2 |  484.0 |
               +--------+--------+--------+--------+--------+-----+--------+

Top non-repeatable levels by time:
     D:1: 966 daAuts
     D:2: 1 daAuts
